 Dungeon Crawl Stone Soup version 0.29-a0-337-g68df138881 (webtiles) character file.

Game seed: 1663489392256720867

1 spaghetti the Conjurer (level 1, -1/16 HPs)
             Began as an Ogre Conjurer on Apr 16, 2022.
             Slain by a gnoll
             ... wielding a +0 flail
              (6 damage)
             ... on level 1 of the Dungeon.
             The game lasted 00:00:18 (117 turns).

spaghetti the Conjurer (Ogre Conjurer)               Turns: 117, Time: 00:00:18

Health: -1/16      AC:  3    Str: 10    XL:     1   Next: 20%
Magic:  3/4        EV:  9    Int: 19    God:
Gold:   0          SH:  0    Dex:  7    Spells: 4/5 levels left

rFire   x . .      SeeInvis .   (no weapon)
rCold   + . .      Faith    .   (no shield)
rNeg    . . .      Spirit   .   a - +0 robe
rPois   .          Reflect  .   (helmet restricted)
rElec   .          Harm     .   (no cloak)
rCorr   .          Rampage  .   (gloves unavailable)
Will    .....                   (boots unavailable)
Stlth   +.........              (no amulet)
HPRegen 0.05/turn               f - ring of ice
MPRegen 0.09/turn               (no ring)

@: no status effects
A: large, unfitting armour, tough skin 1
a: no special abilities


You were on level 1 of the Dungeon.
You visited 1 branch of the dungeon, and saw 1 of its levels.


Innate Abilities, Weirdness & Mutations

You are too large for most types of armour.
You have tough skin. (AC +1)


   Skills:
 - Level 1.7 Dodging
 - Level 1.4 Stealth
 * Level 2.5 Spellcasting
 + Level 3.6 Conjurations


You had 4 spell levels left.
You knew the following spells:

 Your Spells              Type           Power      Damage    Failure   Level
a - Magic Dart            Conj           64%        1d6       3%          1

Your spell library contained the following spells:

 Spells                   Type           Power      Damage    Failure   Level
 Searing Ray              Conj           32%        2d5       5%          2
 Dazzling Flash           Conj/Hex       18%        N/A       22%         3
 Fulminant Prism          Conj/Hex       4%         3d6       58%         4
 Iskenderun's Mystic Bla  Conj/Tloc      9%         2d4       58%         4

Inventory:

Hand Weapons
 d - a +0 mace {mace}
   (You found it on level 1 of the Dungeon)
 e - a +0 club {mace}
   (You took it off a goblin on level 1 of the Dungeon)
Missiles
 c - 19 stones {throwing}
Armour
 a - a +0 robe (worn)
Jewellery
 f - a ring of ice (left hand)
   (You found it on level 1 of the Dungeon)

Dungeon Overview and Level Annotations

Branches:
Dungeon (1/15)

Altars:

.....≈≈$..... .....≈_≈....
.....$≈≈... .......? .#
...#.##### ..# ##.......#
#.# #........# #.#
#####........###.######
.........g@.............
#######..............###.#
########...........
#.......### #.......#
#.......# #######.# #.#
#.#


You could see a gnoll.


Message History

🤖 Initializing magus.rc ...
Options error: Delay interrupt name "hungry" not recognised. (~/.crawlrc:4761) Options error: Bad monster_list_colour key: strict_neutral (~/.crawlrc:4776) ✅ Successfully initialized magus.rc [v1.9.6] Welcome, spaghetti the Ogre Conjurer.
They say the Orb of Zot lies within this dungeon, but they say a lot of things.
Press ? for a list of commands and other information.
Found 19 stones.
Found a staircase leading out of the dungeon.
c - 19 stones {throwing} Key pressed, stopping explore.
Key pressed, stopping explore.
A goblin comes into view. It is wielding a +0 club.
A goblin is nearby!
The magic dart hits the goblin.
The goblin shouts! 😎 MP[-1]
You lost 1 mp, and now have 2/3 mp.
The magic dart hits the goblin.
You kill the goblin! 😎 MP[-1]
You can't see any susceptible monsters within range! (Use Z to cast anyway.)
d - a +0 mace {mace} 😎 MP[+3]
Your mp is fully restored (4).
Found a faded altar of an unknown god.
e - a +0 club {mace}
f - a ring of ice You can't see any susceptible monsters within range! (Use Z to cast anyway.)
You can't see any susceptible monsters within range! (Use Z to cast anyway.)
You can't see any susceptible monsters within range! (Use Z to cast anyway.)
You feel more attuned to ice.
f - a ring of ice (left hand)
A gnoll comes into view. It is wielding a +0 flail.
The magic dart hits the gnoll. 😎 MP[-1]
You lost 1 mp, and now have 3/4 mp.
The magic dart hits the gnoll. 😎 MP[-1]
You lost 1 mp, and now have 2/4 mp.
The magic dart hits the gnoll. 😎 MP[-1]
You lost 1 mp, and now have 1/4 mp.
The magic dart hits the gnoll but does no damage.
The gnoll barely misses you. 😎 MP[-1]
You lost 1 mp, and now have 0/4 mp.
The gnoll attacks as you move away! The gnoll hits you with a +0 flail!
Ouch! That really hurt!
* * * LOW HITPOINT WARNING * * *
😨 HP[-8]
You take 8 damage, and now have 8/16 hp.
MASSIVE DAMAGE!! (PAUSE) Magic courses through your body.
The gnoll hits you with a +0 flail.
* * * LOW HITPOINT WARNING * * *
😨 HP[-3] MP[+4]
You take 3 damage, and now have 5/16 hp.
Your mp is fully restored (4).
Aiming: Magic Dart (safe; 3% risk of failure)
Press: ? - help, Q - select action, (/) - cycle Shift-Dir - straight line, f/p - gnoll
Aim: a gnoll, wielding a +0 flail (heavily wounded, 100% to hit)
The magic dart hits the gnoll but does no damage.
The gnoll hits you with a +0 flail.
You die...

Action                   || total
-------------------------++-------
 Cast: Magic Dart        ||     7
  Use: Potion            ||     1
Dodge: Dodged            ||     1

Levels and vault maps discovered:
D:1:      wheals_arrival_shading, layout_basic, serial_shops, shop,
          hellmonk_ecumenical_altar_pennies_from_heaven, serial_corexii_hall,
          chequers_hall_statues_corner_a, chequers_hall_statues_corner_a

Notes
Turn   | Place    | Note
-------+----------+-------------------------------------------
     0 | D:1      | spaghetti the Ogre Conjurer began the quest for the Orb.
     0 | D:1      | Reached XP level 1. HP: 16/16 MP: 3/3
     0 | D:1      | magus.rc [v1.9.6]
    99 | D:1      | Found a faded altar of an unknown god.
   117 | D:1      | Slain by a gnoll

Vanquished Creatures
  A goblin (D:1)
1 creature vanquished.

Table legend:
 A = Non-vault XP
 B = Vault XP
 C = Vault XP percentage of total XP
 D = Non-vault monster count
 E = Vault monster count
 F = Vault count percentage of total count
                 A         B        C        D         E       F
            +---------+---------+-------+---------+---------+-------
      Total |       2 |       0 |   0.0 |       1 |       0 |   0.0
            +---------+---------+-------+---------+---------+-------
        D:1 |       2 |       0 |   0.0 |       1 |       0 |   0.0
            +---------+---------+-------+---------+---------+-------

Illustrated notes

Table legend:
 A = Kills in this place as a percentage of kills in entire the game.
 B = Kills by you in this place as a percentage of kills by you in the entire game.
 C = Kills by friends in this place as a percentage of kills by friends in the entire game.
 D = Other kills in this place as a percentage of other kills in the entire game.
 E = Experience gained in this place as a percentage of experience gained in the entire game.
 F = Experience gained in this place divided by the number of levels of this place that you have seen.
                   A       B       C       D       E      F
               +-------+-------+-------+-------+-------+----------------------
         Total | 100.0 | 100.0 |   N/A |   N/A | 100.0 |   2.0
       Dungeon | 100.0 | 100.0 |   N/A |   N/A | 100.0 |   2.0
               +-------+-------+-------+-------+-------+----------------------

Table legend: (Time is in decaauts)
 A = Elapsed time spent in this place.
 B = Non-inter-level travel time spent in this place.
 C = Inter-level travel time spent in this place.
 D = Time resting spent in this place.
 E = Time spent auto-exploring this place.
 F = Levels seen in this place.
 G = Mean time per level.
                   A        B        C        D        E       F      G
               +--------+--------+--------+--------+--------+-----+--------+
         Total |    116 |    116 |      0 |      0 |     97 |   1 |  116.0 |
       Dungeon |    116 |    116 |      0 |      0 |     97 |   1 |  116.0 |
               +--------+--------+--------+--------+--------+-----+--------+

Top non-repeatable levels by time:
     D:1: 116 daAuts
